Map: Odyssey LE

Players

ZhuGeLiang - Winner!

  • Race: Zerg Zerg
  • Spawn Location: 5:00

AdminC (Bioice)

  • Race: Zerg Zerg
  • Spawn Location: 11:00

Event: WCS Montreal 2017

VOD

Have the link to the VOD?

Description

Time

  • Played on: Sept. 8, 2017, 3:17 p.m.
  • Length: 3:25

All games in this series

Show
View Real Time Build Order
Export as new Build Order

ZhuGeLiang Zerg - Winner!

Build Orders: 1 Base Baneling Bust, Pool Only 

Get SALT Encoding   

  12  0:01  Drone  
  13  0:14  Extractor  
  12  0:23  Spawning Pool  
  12  0:28  Drone  
  12  0:33  Drone  
  13  0:37  Drone  
  14  0:49  Overlord  
  14  1:10  Queen  
  14  1:11  Zergling x2  
  17  1:17  Metabolic Boost  
  17  1:22  Zergling x2  
  18  1:27  Zergling x2  
  18  1:31  Zergling x2  
  20  1:36  Zergling x2  
  21  1:45  Baneling Nest  
  20  1:50  Zergling x2  
  21  1:59  Overlord  
  21  2:07  Zergling x2  
  22  2:20  Zergling x6  
  22  2:22  Zergling x2  
  26  2:29  Baneling x2  
  26  2:41  Zergling x2  
  26  2:42  Zergling x2  
  26  2:54  Baneling  
  26  2:58  Zergling x6  
Show
View Real Time Build Order
Export as new Build Order

AdminC Zerg 

Build Orders: Hatch First 

Get SALT Encoding   

  12  0:01  Drone  
  13  0:13  Overlord  
  13  0:18  Drone  
  14  0:32  Drone x2  
  16  0:49  Hatchery  
  15  0:52  Drone  
  15  0:56  Drone  
  17  1:00  Drone  
  18  1:04  Extractor  
  17  1:15  Spawning Pool  
  17  1:18  Drone  
  17  1:22  Drone  
  18  1:28  Drone  
  19  1:40  Overlord  
  19  1:51  Drone  
  20  2:03  Queen x2  
  20  2:04  Zergling x4  
  26  2:13  Drone  
  26  2:14  Drone  
  28  2:24  Baneling Nest  
  28  2:25  Drone  
  28  2:28  Drone  
  29  2:37  Zergling x4  
  30  2:45  Zergling x2  
  30  2:47  Zergling x2  
  23  3:06  Zergling x2  
Tags
 
Add a new tag
Caveats
  • Supply blocks, unpowered buildings, or Contaminate may cause inaccurate times.
  • Supply counts are checked every 10 seconds.